 Dungeon Crawl Stone Soup version 0.27.1-1-g398f81649c (webtiles) character file.

Game seed: 1157395073464825011

14 acemry the Insei (level 2, -1/18 HPs)
             Began as an Octopode Transmuter on Sept 7, 2021.
             Slain by a quokka (4 damage)
             ... on level 1 of the Dungeon.
             The game lasted 00:00:52 (387 turns).

acemry the Insei (Octopode Transmuter)               Turns: 387, Time: 00:00:53

Health: -1/18      AC:  1    Str:  9    XL:     2   Next: 41%
Magic:  4/5        EV: 13    Int: 15    God:
Gold:   17         SH:  0    Dex: 12    Spells: 4/5 levels left

rFire    . . .     SeeInvis .     - Unarmed
rCold    . . .     Faith    .   (no shield)
rNeg     . . .     Spirit   .   (helmet currently unavailable)
rPois    .         Reflect  .   (no amulet)
rElec    .         Harm     .   (no ring)
rCorr    .         Rampage  .   (no ring)
Will     .....                  (no ring)
Stlth    ++........             (no ring)
HPRegen  0.06/turn              (no ring)
MPRegen  0.09/turn              (no ring)
                                (no ring)
                                (no ring)

@: appendages
A: tentacle spike 3, almost no armour, amphibious, 8 rings, camouflage 1,
gelatinous body 1, (nimble swimmer 1), tentacles
a: End Transformation


You were on level 1 of the Dungeon.
One of your tentacles had grown a beastly spike.
You visited 1 branch of the dungeon, and saw 1 of its levels.

You collected 17 gold pieces.

Inventory:

Scrolls
 a - 3 scrolls of amnesia {unknown}
 b - a scroll of blinking {unknown}


   Skills:
 - Level 1.0 Fighting
 - Level 2.0 Dodging
 - Level 3.0 Unarmed Combat
 - Level 2.0 Spellcasting
 + Level 2.4 Transmutations
 * Level 1.8 Poison Magic


You had 4 spell levels left.
You knew the following spells:

 Your Spells              Type           Power      Damage    Failure   Level
a - Beastly Appendage     Tmut           16%        N/A       9%          1

Your spell library contained the following spells:

 Spells                   Type           Power      Damage    Failure   Level
 Wereblood                Tmut           8%         N/A       12%         2
 Spider Form              Tmut/Pois      3%         N/A       28%         3
 Ice Form                 Ice/Tmut       5%         N/A       80%         4


Dungeon Overview and Level Annotations

Branches:
Dungeon (1/15)

Altars:


Innate Abilities, Weirdness & Mutations

One of your tentacles has grown a beastly spike.
You cannot wear most types of armour.
You are amphibious.
You can wear up to eight rings at the same time.
Your skin changes colour to match your surroundings (Stealth+).
Your rubbery body absorbs attacks. (AC +1, EV +1)
((You are camouflaged near water. (Stealth+)))
You have tentacles for arms and can constrict up to eight enemies at once.


Message History

You pierce the jackal.
The jackal is severely wounded.
Your transformation is almost over.
The jackal bites you. The quokka bites you. The jackal bites you.
You are too injured to fight recklessly!
You are too injured to fight recklessly!
Unknown command.
You tentacle-slap the quokka. Your grab misses the quokka.
You pierce the quokka, but do no damage.
The quokka is moderately wounded.
The quokka closely misses you.
You barely miss the quokka. Your grab misses the quokka.
The quokka is moderately wounded.
The quokka bites you but does no damage. x2
You tentacle-slap the quokka but do no damage.
You grab the quokka.
You pierce the quokka, but do no damage.
You squeeze the quokka.
You kill the quokka!
The jackal bites you.
A quokka comes into view.
You are too injured to fight recklessly!
Casting: Beastly Appendage (safe; 9% risk of failure)
Confirm with . or Enter, or press ? or * to list all spells.
You extend your transformation's duration.
The jackal bites you.
* * * LOW HITPOINT WARNING * * *
Unknown command.
You closely miss the jackal. You grab the jackal.
You pierce the jackal.
The jackal is almost dead.
You constrict the jackal, but do no damage.
The jackal bites you.
* * * LOW HITPOINT WARNING * * *
The jackal barely misses you.
You tentacle-slap the jackal.
You kill the jackal!
You tentacle-slap the jackal.
You kill the jackal!
The quokka bites you.
You die...

.8.<.8..##......#####.##.......##
...8...###....#.#####.##.........
######## #....#.##.............##
##..##.##....##.......##
#####.##.............##
#.........##.....###
#.###...#.##.....#
####.####..#.##.######
#...†r@.#............#
#.##.##......#....>..# #.
#.##.#.#.......# ..
#.##.#.........# .##
#.#....#.......#
#.#####.#..#.#.......#
#.......#.##.#.......#
#######......######### ###.#####


You could see a quokka.

Vanquished Creatures
  2 ball pythons (D:1)
  2 bats (D:1)
  A goblin (D:1)
  A hobgoblin (D:1)
  3 jackals (D:1)
  A kobold (D:1)
  A quokka (D:1)
  A frilled lizard (D:1)
  A rat (D:1)
13 creatures vanquished.

Notes
Turn   | Place    | Note
-------+----------+-------------------------------------------
     0 | D:1      | acemry the Octopode Transmuter began the quest for the Orb.
     0 | D:1      | Reached XP level 1. HP: 13/13 MP: 3/3
    51 | D:1      | Found a faded altar of an unknown god.
   159 | D:1      | Reached skill level 1 in Poison Magic
   192 | D:1      | Reached XP level 2. HP: 16/18 MP: 3/5
   387 | D:1      | Slain by a quokka

Illustrated notes

Levels and vault maps discovered:
D:1:      erik_arrival_orb_chamber, layout_loops_cross, basic_ecumenical_altar

Skill      XL: |  1 |
---------------+----+-----
Poison Magic   | 1 |  1.8
Fighting       | |  1.0
Dodging        | |  2.0
Unarmed Combat | |  3.0
Spellcasting   | |  2.0
Transmutations | |  2.4

Action                   || total
-------------------------++-------
Melee: Unarmed           ||    25
       Tentacles         ||     6
       Kick              ||    10
       Constrict         ||     8
 Cast: Beastly Appendage ||     9
 Stab: Sleeping          ||     3
Armor: Skin              ||     6
Dodge: Dodged            ||    15
